[Event "SPICE Cup 2014"]
[Site "St. Louis"]
[Date "2014.10.23"]
[Round "5"]
[White "Durabalyi, Vasif"]
[Black "Sevian, Samuel"]
[Result "1/2-1/2"]
[ECO "C89"]
[WhiteElo "2624"]
[BlackElo "2484"]
[PlyCount "79"]
[EventDate "2014.??.??"]
[EventCountry "USA"]
[TimeControl "5400+30"]
[WhiteClock "1:06:56"]
[BlackClock "0:29:27"]

1. e4 e5 2. Nf3 Nc6 3. Bb5 a6 4. Ba4 Nf6 5. O-O Be7 6. Re1 b5 7. Bb3 O-O 8. c3 d5 9. exd5 Nxd5 10. Nxe5 Nxe5 11. Rxe5 c6 12. d3 Bd6 13. Re1 Bf5 14. Qf3 Qh4 15. g3 Qh3 16. Bxd5 cxd5 17. Qxd5 Rad8 18. Qg2 Qxg2+ 19. Kxg2 Bxd3 20. Be3 Be4+ 21. f3 Bc6 22. Nd2 Rfe8 23. Nb3 f6 24. Bb6 Rb8 25. Bc5 Be5 26. Kf2 Kf7 27. Rad1 Bc7 28.
Nd4 Bd7 29. Nc2 Be6 30. Nb4 a5 31. Nd5 Rbc8 32. b4 Be5 33. f4 Bxd5 34. fxe5 Bxa2 35. exf6 Rxe1 36. Rxe1 gxf6 37. Ra1 axb4 38.
cxb4 Bc4 39. Ra7+ Kg6 40. Ra6 1/2-1/2

[Event "SPICE Cup 2014"]
[Site "St. Louis"]
[Date "2014.10.23"]
[Round "5"]
[White "Le, Quang Liem"]
[Black "Corrales Jimenez, Fidel"]
[Result "1-0"]
[ECO "A42"]
[WhiteElo "2706"]
[BlackElo "2532"]
[PlyCount "79"]
[EventDate "2014.??.??"]
[EventCountry "USA"]
[TimeControl "5400+30"]
[WhiteClock "0:29:25"]
[BlackClock "0:49:20"]

1. d4 g6 2. c4 Bg7 3. Nc3 d6 4. e4 e5 5. d5 Ne7 6. Be3 Nd7 7. Qd2 a5 8. O-O-O Nc5 9. Kb1 b6 10. Nge2 f5 11. f3 a4 12. Nc1 Ng8 13. Nd3 Nf6 14. Nxc5 bxc5 15. Bd3 fxe4 16. fxe4 O-O 17. Be2 Rb8 18. Rhf1 Rb4 19. a3 Rb3 20.
Rf2 Ng4 21. Bg5 Bf6 22. Bxf6 Rxf6 23. Bxg4 Rxf2 24. Qxf2 Bxg4 25.
Rf1 Qe7 26. Nxa4 Kg7 27. Nc3 Bd7 28. Ka2 Rb8 29. b3 Be8 30. Nd1 Bd7 31. Ne3 Rf8 32. Qxf8+ Qxf8 33. Rxf8 Kxf8 34. b4 cxb4 35. axb4 Ke7 36. b5 Kf6 37. Kb3 h5 38. Kb4 Kg5 39. g3 h4 40. c5 1-0

[Event "SPICE Cup 2014"]
[Site "St. Louis"]
[Date "2014.10.23"]
[Round "5"]
[White "Li, Ruifeng"]
[Black "Nyzhnyk, Illya"]
[Result "0-1"]
[ECO "C11"]
[WhiteElo "2365"]
[BlackElo "2613"]
[PlyCount "126"]
[EventDate "2014.??.??"]
[EventCountry "USA"]
[TimeControl "5400+30"]
[WhiteClock "0:02:29"]
[BlackClock "0:29:15"]

1. e4 e6 2. d4 d5 3. Nc3 Nf6 4. Bg5 dxe4 5. Nxe4 Nbd7 6. Nxf6+ Nxf6 7. Nf3 h6 8. Bh4 c5 9. c3 cxd4 10. Nxd4 Be7 11. Bd3 O-O 12. O-O Qb6 13. Qe2 Bd7 14. Rad1 Rfd8 15. Nf3 a6 16. Ne5 Bb5 17. c4 Be8 18.
Ng4 Nxg4 19. Bxe7 Qc7 20. Qxg4 Qxe7 21. Qe4 Kf8 22. Be2 Bc6 23. Qe3 Qg5 24. Qa3+ Qe7 25. Qc3 e5 26. Rfe1 Rac8 27. b3 e4 28.
Bg4 Rxd1 29. Rxd1 Rd8 30. Qc2 Qg5 31. h3 Rxd1+ 32. Qxd1 Ke7 33. Qd4 Qf6 34. Qe3 g5 35. g3 Qe5 36. Be2 Kd6 37. b4 f5 38. b5 axb5 39. cxb5 Bd5 40. Qb6+ Kd7 41. Kh2 f4 42. Bg4+ Ke7 43. Qc5+ Kf6 44. Qf8+ Kg6 45. gxf4 gxf4 46. h4 e3 47. h5+ Kg5 48. f3 Kh4 49. Qb4 Bxa2 50. Qe1+ Kg5 51. Kh3 Kf6 52. Qb4 Kg7 53. b6 e2 54. Qe1 Bd5 55. Kg2 Kf7 56. Kf2 Qd4+ 57. Kg2 Qd1 58. Kf2 Qxe1+ 59. Kxe1 Bc4 60. Bf5 Ke7 61. Be4 Ba6 62. Bd5 Kd6 63. Be4 Kc5 0-1

[Event "SPICE Cup 2014"]
[Site "St. Louis"]
[Date "2014.10.23"]
[Round "5"]
[White "Naroditsky, Daniel"]
[Black "Kiewra, Keaton F"]
[Result "1/2-1/2"]
[ECO "E97"]
[WhiteElo "2601"]
[BlackElo "2391"]
[PlyCount "65"]
[EventDate "2014.??.??"]
[EventCountry "USA"]
[TimeControl "5400+30"]
[WhiteClock "0:16:13"]
[BlackClock "0:18:17"]

1. Nf3 Nf6 2. c4 g6 3. Nc3 Bg7 4. e4 O-O 5. d4 d6 6. Be2 e5 7. O-O Nc6 8.
d5 Ne7 9. Qc2 Nh5 10. Rd1 f5 11. Ng5 Nf4 12. Bxf4 exf4 13. Ne6 Bxe6 14. dxe6 Bxc3 15. bxc3 Nc6 16. Qb3 Rb8 17. c5 Qe7 18. cxd6 cxd6 19. Qd5 fxe4 20. Qxd6 Rbe8 21. Bc4 Kg7 22. Rab1 Qxd6 23. Rxd6 Re7 24. Rd7 b6 25. Re1 Rd8 26. Rxe7+ Nxe7 27. Rxe4 Rd1+ 28. Bf1 g5 29. h4 h6 30. hxg5 hxg5 31. g3 fxg3 32. fxg3 Kf6 33. Kf2 {[%emt
0:03:39] Ke5} 1/2-1/2

[Event "SPICE Cup 2014"]
[Site "St. Louis"]
[Date "2014.10.23"]
[Round "5"]
[White "Yermolinsky, Alex"]
[Black "Bora, Safal"]
[Result "1-0"]
[ECO "A05"]
[WhiteElo "2516"]
[BlackElo "2328"]
[PlyCount "51"]
[EventDate "2014.??.??"]
[EventCountry "USA"]
[TimeControl "5400+30"]
[WhiteClock "0:05:53"]
[BlackClock "0:13:07"]

1. Nf3 Nf6 2. c4 g6 3. Nc3 d5 4. cxd5 Nxd5 5. h4 Bg7 6. h5 Nc6 7. h6 Bf6 8.
Ne4 e5 9. Qa4 O-O 10. Nxf6+ Qxf6 11. g3 e4 12. Nh4 Nd4 13. e3 Nf3+ 14. Nxf3 exf3 15. Qh4 Qe5 16. d4 Qd6 17. Bd2 Bf5 18. Bc4 Nf6 19. Qf4 Qb6 20. g4 Nxg4 21. Rg1 Qxb2 22. Rc1 Nxe3 23. fxe3 Kh8 24. Qe5+ f6 25. Qe7 f2+ 26. Ke2 1-0

[Event "SPICE Cup 2014"]
[Site "St. Louis"]
[Date "2014.10.24"]
[Round "6"]
[White "Corrales Jimenez, Fidel"]
[Black "Santarius, Erik F"]
[Result "1-0"]
[ECO "A45"]
[WhiteElo "2532"]
[BlackElo "2296"]
[PlyCount "125"]
[EventDate "2014.??.??"]
[EventCountry "USA"]
[TimeControl "5400+30"]
[WhiteClock "1:15:20"]
[BlackClock "0:12:58"]

1. d4 Nf6 2. Bg5 e6 3. e4 h6 4. Bxf6 Qxf6 5. Qd2 c5 6. c3 cxd4 7. cxd4 b6 8.
Nc3 Ba6 9. Bxa6 Nxa6 10. Nf3 Be7 11. O-O O-O 12. Ne5 Rfd8 13. f4 Bd6 14. Nb5 Qe7 15. Rac1 Bb4 16. Qe2 Qe8 17. f5 f6 18. Ng4 exf5 19. Rxf5 Qg6 20. Rcf1 Rf8 21. Ne3 Rae8 22. Nd5 Kh8 23. Nxa7 Bd6 24. Qxa6 Rxe4 25. Qd3 Rxd4 26. Qf3 Rd2 27. Nb5 Bc5+ 28. Kh1 Rxb2 29. Nbc3 Re8 30. h4 Re6 31. h5 Qf7 32. Ne4 Rxa2 33. Nf4 Ra3 34. Ng6+ Kh7 35. Qg4 Ra5
36. Nxc5 Rxc5 37. Rxc5 bxc5 38. Qf5 Kg8 39. Qxc5 Re8 40. Rf5 Kh7 41. Qd5 Qe6
42. Kh2 Rc8 43. Qd3 Kg8 44. Rd5 Rd8 45. Nh4 Qg4 46. Qg3 Qxg3+ 47. Kxg3 Ra8 48.
Nf5 Ra7 49. Rd4 Kf7 50. Re4 d5 51. Nd6+ Kg8 52. Re8+ Kh7 53. Nf5 Ra3+ 54. Kh2
Ra4 55. Kh3 Rf4 56. Nh4 Rf1 57. g4 Rh1+ 58. Kg3 Rg1+ 59. Kf3 Rf1+ 60. Kg2 Rf4
61. Kg3 Re4 62. Rxe4 dxe4 63. Kf4 1-0

[Event "SPICE Cup 2014"]
[Site "St. Louis"]
[Date "2014.10.24"]
[Round "6"]
[White "Nyzhnyk, Illya"]
[Black "Kiewra, Keaton F"]
[Result "1-0"]
[ECO "D31"]
[WhiteElo "2613"]
[BlackElo "2391"]
[PlyCount "73"]
[EventDate "2014.??.??"]
[EventCountry "USA"]
[TimeControl "5400+30"]
[WhiteClock "0:36:13"]
[BlackClock "0:13:03"]

1. d4 d5 2. c4 e6 3. Nc3 Be7 4. cxd5 exd5 5. Bf4 c6 6. Qc2 g6 7. e3 Bf5 8. Bd3 Bxd3 9. Qxd3 Bd6 10. Nge2 Ne7 11. Bg5 Nd7 12. e4 dxe4 13. Nxe4 Qc7 14. N2c3 O-O 15. h4 Rfe8 16. h5 Nd5 17. Kf1 N7b6 18.
hxg6 fxg6 19. Qh3 Bf8 20. Rd1 h5 21. g4 Qd7 22. gxh5 Qxh3+ 23. Rxh3 gxh5 24. Rdd3 Re6 25. Rxh5 Rae8 26. Nc5 Re1+ 27. Kg2 Nxc3 28. Rxc3 Kf7 29. Rg3 Bxc5 30. dxc5 Nd7 31. Rh7+ Ke6 32. b4 a5 33.
Bd2 Re2 34. Rd3 Ne5 35. Rd6+ Kf5 36. Rh5+ Ke4 37. Rh4+ {[%emt 0:00:28] Kd5} 1-0

[Event "SPICE Cup 2014"]
[Site "St. Louis"]
[Date "2014.10.24"]
[Round "6"]
[White "Preotu, Razvan"]
[Black "Durabalyi, Vasif"]
[Result "1-0"]
[ECO "B67"]
[WhiteElo "2405"]
[BlackElo "2624"]
[PlyCount "61"]
[EventDate "2014.??.??"]
[EventCountry "USA"]
[TimeControl "5400+30"]
[WhiteClock "0:16:04"]
[BlackClock "0:18:36"]

1. e4 c5 2. Nf3 d6 3. d4 cxd4 4. Nxd4 Nf6 5. Nc3 Nc6 6. Bg5 e6 7. Qd2 a6 8. O-O-O Bd7 9. f3 Rc8 10. h4 h6 11. Be3 h5 12. Bg5 Be7 13.
Kb1 Qa5 14. Nxc6 Bxc6 15. Bd3 b5 16. Rhe1 Bb7 17. a3 Qd8 18.
Ne2 Nd7 19. Ng3 Bxg5 20. hxg5 h4 21. Nf5 exf5 22. exf5+ Kf8 23.
Bxb5 Ne5 24. Rxe5 axb5 25. Rxb5 Bc6 26. Rb4 h3 27. Rh1 Kg8 28.
Rd4 Rh5 29. Rxh3 Qxg5 30. Qxg5 Rxg5 31. Rdh4 1-0

[Event "SPICE Cup 2014"]
[Site "St. Louis"]
[Date "2014.10.24"]
[Round "6"]
[White "Robson, Ray"]
[Black "Yermolinsky, Alex"]
[Result "1-0"]
[ECO "C88"]
[WhiteElo "2628"]
[BlackElo "2516"]
[PlyCount "74"]
[EventDate "2014.??.??"]
[EventCountry "USA"]
[TimeControl "5400+30"]
[WhiteClock "0:10:42"]
[BlackClock "0:02:19"]

1. e4 e5 2. Nf3 Nc6 3. Bb5 a6 4. Ba4 Nf6 5. O-O Be7 6. Re1 b5 7. Bb3 O-O 8. a4 Bb7 9. d3 d6 10. Nbd2 Na5 11. Ba2 c5 12. Nf1 b4 13. Bg5 Rb8 14. Ne3 Bc8 15. Nd2 Be6 16. Nf5 h6 17. Bh4 Bxf5 18. exf5 Qd7 19. Qf3 Nc6 20. c3 bxc3 21. bxc3 Rb2 22. Nc4 Rc2 23. Bxf6 Bxf6 24. Nb6 Qe8 25. Nd5 Kh7 26. Reb1 e4 27. Nxf6+ gxf6 28. dxe4 Ne5 29. Qd1 Rxc3 30. Qxd6 Qd8 31. Qxd8 Rxd8 32. Bd5 c4 33. Rc1 Rd3 34. f4 Ng4 35. Bxc4 Rd2 36. Re1 Rc8 37. Bxa6 Ne5 1-0

[Event "SPICE Cup 2014"]
[Site "St. Louis"]
[Date "2014.10.24"]
[Round "6"]
[White "Sevian, Samuel"]
[Black "Naroditsky, Daniel"]
[Result "0-1"]
[ECO "C65"]
[WhiteElo "2484"]
[BlackElo "2601"]
[PlyCount "132"]
[EventDate "2014.??.??"]
[EventCountry "USA"]
[TimeControl "5400+30"]
[WhiteClock "0:03:02"]
[BlackClock "0:05:30"]

1. e4 e5 2. Nf3 Nc6 3. Bb5 Nf6 4. d3 d6 5. c3 Bd7 6. O-O g6 7. Re1 Bg7 8. Nbd2 a6 9. Ba4 O-O 10.
Nf1 Nh5 11. h3 Qe8 12. Bb3 Kh8 13. Ne3 f5 14. Nd5 Rc8 15. d4 f4 16. Bc2 g5 17. dxe5 Nxe5 18. Nd4 Nf6 19. f3 c5 20. Nf5 Bxf5 21. Nxf6 Bxf6 22. exf5 d5 23. c4 dxc4 24. Bd2 Rd8 25. Qc1 Qh5 26. Be4 b5 27. Bc3 Qf7 28. Qc2 b4 29. Bxe5 Bxe5 30. Rac1 Bd4+ 31. Kh1 c3 32. bxc3 Bxc3 33. Red1 Bd4 34. Qa4 Qf6 35. Qb3 h5 36. Rd3 Kg7 37. Rf1 Be3 38. Rfd1 Bd4 39. a3 a5 40. axb4 axb4 41. Qa2 Rf7 42. Bd5 Re7 43. Be6 g4 44. fxg4 hxg4 45. Qe2 Qxf5 46. Bxf5 Rxe2 47. Bxg4 Re3 48. R3d2 b3 49. Bf5 Rde8 50. Kh2 Re1 51. h4 b2 52. Bb1 R8e2 53. Kh3 Rxd2 54. Rxe1 c4 55. Re7+ Kf6 56. Rc7 c3 57. Bh7 Rd1 58. Kg4 b1=Q 59. Bxb1 Rxb1 60. h5 Ke5 61. h6 Ke4 62. h7 Rh1 63. Kg5 Kd3 64. Kxf4 c2 65. g4 Bc3 66. Rd7+ Ke2 0-1

[Event "SPICE Cup 2014"]
[Site "St. Louis"]
[Date "2014.10.25"]
[Round "7"]
[White "Bora, Safal"]
[Black "Le, Quang Liem"]
[Result "0-1"]
[ECO "A37"]
[WhiteElo "2328"]
[BlackElo "2706"]
[PlyCount "60"]
[EventDate "2014.??.??"]
[EventCountry "USA"]
[TimeControl "5400+30"]
[WhiteClock "0:40:46"]
[BlackClock "1:09:10"]

1. Nf3 g6 2. c4 Bg7 3. g3 c5 4. Bg2 Nc6 5. Nc3 d6 6. O-O Bf5 7. d3 Qd7 8.
e3 Nf6 9. d4 Ne4 10. Nxe4 Bxe4 11. d5 Na5 12. Qe2 b5 13. Nd2 Bxg2 14. Kxg2 Rb8 15. cxb5 Qxb5 16. Qxb5+ Rxb5 17. Rb1 c4 18. e4 Kd7 19. b4 Rhb8 20. bxa5 Rxb1 21. Nxb1 Rxb1 22. Be3 Rb5 23. Rc1 c3 24. Kf1 f5 25. f3 Rxa5 26. Rc2 Ra4 27. exf5 gxf5 28. Ke2 Ra5 29. Kd3 Rxd5+ 30. Kc4 Rd1 {[%emt 0:00:18] Kd4} 0-1

[Event "SPICE Cup 2014"]
[Site "St. Louis"]
[Date "2014.10.25"]
[Round "7"]
[White "Corrales Jimenez, Fidel"]
[Black "Preotu, Razvan"]
[Result "1/2-1/2"]
[ECO "C67"]
[WhiteElo "2532"]
[BlackElo "2405"]
[PlyCount "110"]
[EventDate "2014.??.??"]
[EventCountry "USA"]
[TimeControl "5400+30"]
[WhiteClock "0:34:34"]
[BlackClock "0:17:43"]

1. e4 e5 2. Nf3 Nc6 3. Bb5 Nf6 4. O-O Nxe4 5. d4 Nd6 6. Bxc6 dxc6 7. dxe5 Nf5 8. Qxd8+ Kxd8 9. Nc3 Ke8 10. b3 Be6 11. Ne4 Rd8 12. Bb2 h6 13. Rad1 b6 14. h3 c5 15. c4 Ne7 16. Ng3 Nc6 17. Nh5 Nb4 18.
a4 Ke7 19. Rxd8 Kxd8 20. Bc3 Nc6 21. g4 g5 22. Rd1+ Kc8 23. Kg2 Be7 24. Kg3 Rg8 25. Rd3 a6 26. Nf6 Bxf6 27. exf6 b5 28. cxb5 axb5 29. axb5 Na7 30. Re3 Nxb5 31. Bb2 Rd8 32. h4 Nd4 33. hxg5 Nxf3 34. Rxf3 hxg5 35. Rc3 c4 36. bxc4 Rd4 37. f3 Rxc4 38. Re3 Kd7 39. Re5 Rc2 40.
Bd4 Rd2 41. Be3 Rd5 42. Rxd5+ Bxd5 43. Bxg5 Ke8 44. Bf4 Kf8 45.
Bxc7 Kg8 46. f4 Bc4 47. f5 Bb3 48. Kf4 Ba2 49. Be5 Bb3 50. Bc3 Bc4 51. Ke4 Ba2 52. Ke5 Bb3 53. Kd6 Bd1 54. g5 Bc2 55. Ke5 Bb1 {[%emt 0:00:19] Ke4} 1/2-1/2

[Event "SPICE Cup 2014"]
[Site "St. Louis"]
[Date "2014.10.25"]
[Round "7"]
[White "Durabalyi, Vasif"]
[Black "Tan, Justin"]
[Result "1-0"]
[ECO "C25"]
[WhiteElo "2624"]
[BlackElo "2346"]
[PlyCount "131"]
[EventDate "2014.??.??"]
[EventCountry "USA"]
[TimeControl "5400+30"]
[WhiteClock "0:15:16"]
[BlackClock "0:00:34"]

1. e4 e5 2. Nc3 Nc6 3. g3 Bc5 4. Bg2 d6 5. Na4 Be6 6. d3 Qd7 7. Nxc5 dxc5 8. Be3 b6 9. f4 f6 10. Nf3 O-O-O 11. O-O Nge7 12. a3 c4 13. fxe5 fxe5 14. dxc4 Qxd1 15. Rfxd1 Bxc4 16. b3 Be6 17. Bg5 Rxd1+ 18. Rxd1 Ng6 19. h3 h6 20. Bc1 Rd8 21. Rxd8+ Kxd8 22. Bb2 Ke7 23. Kf2 a5 24. Bf1 Kf6 25. g4 Nd8 26. Kg3 Nf7 27. h4 Bc8 28. Bc4 Be6 29. Bb5 Bc8 30.
Bc6 h5 31. gxh5 Nf4 32. Be8 Nxh5+ 33. Kf2 Bb7 34. Nxe5 Nxe5 35.
Bxh5 Bxe4 36. Ke3 Kf5 37. Bd1 g6 38. Bc3 c5 39. Be1 Bc6 40.
a4 Ng4+ 41. Kd3 Be4+ 42. Kd2 Bc6 43. Bg3 Ne5 44. Be2 Be4 45. Ba6 Bc6 46. Bf1 Be4 47. Bh3+ Kf6 48. Bf4 Bc6 49. Bg5+ Kf7 50. Bd8 c4 51. Kc3 cxb3 52. cxb3 b5 53. axb5 Bxb5 54. Bxa5 g5 55. Bc7 g4 56. Bg2 Nf3 57. Bxf3 gxf3 58. Bg3 Kg6 59. Kb4 Be8 60. Kc5 Kf5 61. b4 Kg4 62. Be1 Bg6 63. b5 Be4 64.
b6 Kh3 65. h5 Kg2 66. h6 1-0

[Event "SPICE Cup 2014"]
[Site "St. Louis"]
[Date "2014.10.25"]
[Round "7"]
[White "Naroditsky, Daniel"]
[Black "Robson, Ray"]
[Result "1/2-1/2"]
[ECO "B52"]
[WhiteElo "2601"]
[BlackElo "2628"]
[PlyCount "24"]
[EventDate "2014.??.??"]
[EventCountry "USA"]
[TimeControl "5400+30"]
[WhiteClock "1:32:39"]
[BlackClock "1:19:57"]

1. e4 c5 2. Nf3 d6 3. Bb5+ Bd7 4. Bxd7+ Qxd7 5. O-O Nf6 6. Re1 Nc6 7. c3 e6 8. d4 cxd4 9. cxd4 d5 10. e5 Ne4 11. Nbd2 Nxd2 12. Bxd2 Be7 1/2-1/2

[Event "SPICE Cup 2014"]
[Site "St. Louis"]
[Date "2014.10.25"]
[Round "8"]
[White "Naroditsky, Daniel"]
[Black "Troff, Kayden W"]
[Result "1-0"]
[ECO "A48"]
[WhiteElo "2601"]
[BlackElo "2532"]
[PlyCount "85"]
[EventDate "2014.??.??"]
[EventCountry "USA"]
[TimeControl "5400+30"]
[WhiteClock "0:06:09"]
[BlackClock "0:00:57"]

1. d4 Nf6 2. Nf3 g6 3. Nbd2 d5 4. e3 Bg7 5. b4 O-O 6. Bb2 c6 7. c4 a5 8. b5 dxc4 9. Bxc4 Ne8 10. bxc6 Nxc6 11. O-O Nd6 12. Be2 b5 13. Ne5 Nxe5 14. dxe5 Be6 15. Qb1 Nc4 16. Nxc4 Bxc4 17. Bxc4 bxc4 18. Qe4 Rb8 19. Bc3 Qc7 20. Rfd1 Qc5 21. Rac1 Rfc8 22. h4 e6 23. h5 Bf8 24. Qf4 Rd8 25. Bd4 Qc6 26. Rd2 Rb4 27. Rdc2 Qb5 28. Kh2 Be7 29. Rc3 Rc8 30. e4 Rb1 31. hxg6 fxg6 32. Qg4 Rc6 33. a4 Qb8 34. Rxb1 Qxb1 35. Rxc4 Qb7 36. Be3 Qc8 37. Rd4 Rc4 38. Rd1 Qc6 39. Rd6 Bxd6 40.
Qxe6+ Kg7 41. Qf6+ Kg8 42. exd6 Qxe4 43. d7 1-0

[Event "SPICE Cup 2014"]
[Site "St. Louis"]
[Date "2014.10.25"]
[Round "8"]
[White "Nyzhnyk, Illya"]
[Black "Preotu, Razvan"]
[Result "1-0"]
[ECO "A48"]
[WhiteElo "2613"]
[BlackElo "2405"]
[PlyCount "114"]
[EventDate "2014.??.??"]
[EventCountry "USA"]
[TimeControl "5400+30"]
[WhiteClock "0:32:58"]
[BlackClock "0:01:34"]

1. d4 Nf6 2. Nf3 g6 3. c4 Bg7 4. Nc3 O-O 5. Bg5 d6 6. e3 c6 7. Be2 Bg4 8.
h3 Bxf3 9. Bxf3 Nbd7 10. O-O a5 11. Qc2 Ne8 12. Rad1 f6 13. Bh4 g5 14. Bg3 f5 15. Bh2 e5 16. Qb3 Qb6 17. Na4 Qxb3 18. axb3 Rf7 19. d5 c5 20.
e4 fxe4 21. Bxe4 Nc7 22. Nc3 Nb6 23. Bc2 Bf8 24. Ne4 h6 25. Nc3 Nc8 26. g3 Ne7 27. f4 Nf5 28. fxe5 Ne3 29. Rxf7 Kxf7 30. e6+ Ke7 31. Rc1 Bg7 32. Kf2 Nxc2 33. Rxc2 b5 34. g4 a4 35. Ne4 Ne8 36. bxa4 bxc4 37. Rxc4 Bxb2 38. Ke2 Ra6 39. Ng3 Be5 40. Nf5+ Kf6 41. Bxe5+ Kxe5 42. Ne3 Nc7 43. Kd3 Ra8 44. Re4+ Kf6 45. Kc2 Ne8 46. Nf5 h5 47.
e7 hxg4 48. hxg4 Kf7 49. Kb3 Rb8+ 50. Ka2 Ra8 51. Ka3 Ra5 52. Re1 c4 53. Rh1 Rxd5 54. Rh8 Rd3+ 55. Kb2 Nc7 56. Rf8+ Ke6 57. Rc8 Kd5 1-0

[Event "SPICE Cup 2014"]
[Site "St. Louis"]
[Date "2014.10.25"]
[Round "8"]
[White "Robson, Ray"]
[Black "Le, Quang Liem"]
[Result "1-0"]
[ECO "C11"]
[WhiteElo "2628"]
[BlackElo "2706"]
[PlyCount "75"]
[EventDate "2014.??.??"]
[EventCountry "USA"]
[TimeControl "5400+30"]
[WhiteClock "0:15:41"]
[BlackClock "0:21:25"]

1. e4 e6 2. d4 d5 3. Nc3 Nf6 4. e5 Nfd7 5. f4 c5 6. Nf3 Nc6 7. Be3 a6 8.
Qd2 b5 9. dxc5 Bxc5 10. Bd3 Qb6 11. Bf2 b4 12. Na4 Bxf2+ 13. Qxf2 Qxf2+ 14. Kxf2 a5 15. Rhc1 Ke7 16. c4 dxc4 17. Be4 Bb7 18. Rxc4 Rhc8 19. Rac1 Nd8 20. Bxb7 Rxc4 21. Rxc4 Nxb7 22. Rc7 Rb8 23.
Nd4 Kd8 24. Rc4 Ra8 25. Kf3 Ra6 26. Nb5 Ra8 27. Rc7 Rb8 28. Ke3 g5 29. g3 g4 30. Kd4 f6 31. exf6 Nd6 32. Rxd7+ Kxd7 33. Nc5+ Kc6 34. Na7+ Kb6 35. Nd7+ Kxa7 36. Nxb8 Kxb8 37. Ke5 Kc7 38. Kxe6 1-0

[Event "SPICE Cup 2014"]
[Site "St. Louis"]
[Date "2014.10.25"]
[Round "8"]
[White "Sevian, Samuel"]
[Black "Corrales Jimenez, Fidel"]
[Result "1/2-1/2"]
[ECO "B76"]
[WhiteElo "2484"]
[BlackElo "2532"]
[PlyCount "139"]
[EventDate "2014.??.??"]
[EventCountry "USA"]
[TimeControl "5400+30"]
[WhiteClock "0:06:22"]
[BlackClock "0:15:53"]

1. e4 c5 2. Nf3 d6 3. d4 cxd4 4. Nxd4 Nf6 5. Nc3 g6 6. Be3 Bg7 7. f3 O-O 8.
Qd2 Nc6 9. O-O-O d5 10. Kb1 e6 11. g4 Re8 12. Nxc6 bxc6 13. Bh6 Bxh6 14. Qxh6 Rb8 15. b3 Nd7 16. f4 Qa5 17. Rd3 d4 18. Nd1 Nf8 19. Rg3 Qe1 20. f5 Qxd1+ 21. Kb2 exf5 22. gxf5 Bxf5 23. exf5 Re1 24. Bc4 Rxh1 25. fxg6 hxg6 26. Rxg6+ Nxg6 27. Qxg6+ Kh8 28.
Qf6+ Kh7 29. Qxf7+ Kh6 30. Qf6+ Kh7 31. Qf5+ Kh6 32. Qf6+ Kh7 33. Bd3+ Kg8 34. Qg6+ Kf8 35. Qf6+ Kg8 36. Qg6+ Kf8 37. Qd6+ Kf7 38. Qc7+ Kf6 39. Qxc6+ Ke7 40. Qe4+ Kf7 41. Qf5+ Ke7 42. Qe5+ Kf7 43. Qc7+ Kf6 44. Qd6+ Kf7 45. Bc4+ Kg7 46. Qe7+ Kh6 47. Qf6+ Kh7 48. Qh4+ Kg6 49. Bd3+ Kf7 50. Qf4+ Ke7 51. Qg5+ Kf8 52. Qc5+ Kg8 53. Bc4+ Kh7 54. Qe7+ Kh6 55. Qf6+ Kh7 56. Bd3+ Kg8 57. Qg5+ Kf8 58. Qh6+ Ke7 59. Qg7+ Ke6 60. Bc4+ Kf5 61. Bd3+ Ke6 62. Qg6+ Ke7 63. Qe4+ Kf8 64. Qf4+ Ke7 65. Qe5+ Kf7 66. Bc4+ Kg6 67. Qg3+ Kf5 68. Bd3+ Ke6 69. Qg6+ Ke7 70. Qg5+ 1/2-1/2

[Event "SPICE Cup 2014"]
[Site "St. Louis"]
[Date "2014.10.25"]
[Round "8"]
[White "Vera, Reinaldo"]
[Black "Leon Hoyos, Manuel"]
[Result "0-1"]
[ECO "E10"]
[WhiteElo "2449"]
[BlackElo "2512"]
[PlyCount "74"]
[EventDate "2014.??.??"]
[EventCountry "USA"]
[TimeControl "5400+30"]
[WhiteClock "0:00:53"]
[BlackClock "0:17:28"]

1. d4 Nf6 2. Nf3 c5 3. d5 e6 4. c4 b5 5. dxe6 fxe6 6. cxb5 d5 7. e3 Bd6 8. b3 O-O 9. Bb2 Nbd7 10.
Nbd2 Bb7 11. Be2 Qc7 12. O-O Rae8 13. Qc2 Kh8 14. Rad1 Nh5 15. h3 Nhf6 16. a4 Qb8 17. Bd3 Re7 18. Rfe1 Qe8 19. e4 Nh5 20. exd5 exd5 21. Rxe7 Qxe7 22. Re1 Qf7 23. Bxh7 Nf4 24. Ng5 Qh5 25. Ndf3 Nf6 26. Bf5 d4 27. Kf1 Nxg2 28. Bg6 Nxe1 29. Kxe1 Qh6 30. Bc1 Bxf3 31. Nf7+ Rxf7 32. Bxh6 Re7+ 33. Kf1 gxh6 34. Qf5 Be2+ 35. Kg2 Kg7 36. h4 d3 37. h5 d2 0-1

[Event "SPICE Cup 2014"]
[Site "St. Louis"]
[Date "2014.10.25"]
[Round "8"]
[White "Yermolinsky, Alex"]
[Black "Durabalyi, Vasif"]
[Result "0-1"]
[ECO "A05"]
[WhiteElo "2516"]
[BlackElo "2624"]
[PlyCount "100"]
[EventDate "2014.??.??"]
[EventCountry "USA"]
[TimeControl "5400+30"]
[WhiteClock "0:01:44"]
[BlackClock "0:05:07"]

1. Nf3 Nf6 2. c4 g6 3. Nc3 d5 4. cxd5 Nxd5 5. e4 Nb6 6. d4 Bg7 7. Be3 Bg4 8.
Bb5+ c6 9. Be2 O-O 10. O-O N8d7 11. e5 Rc8 12. Ng5 Bxe2 13. Qxe2 h6 14. Nge4 Nd5 15. Rad1 Nxe3 16. Qxe3 Nb6 17. e6 f5 18. Nc5 Rc7 19. h4 Qd6 20. h5 g5 21. Qd3 Qf4 22. b4 Qg4 23. a4 Rd8 24. Ne2 Nd5 25.
f3 Qxh5 26. Ng3 Qg6 27. Nxf5 Kh7 28. Qe4 Nc3 29. Qd3 Nxd1 30.
Rxd1 Rd5 31. g4 a5 32. Qe4 axb4 33. Kg2 b3 34. Nxb3 b6 35. Rc1 h5 36. Rh1 h4 37. Rc1 Bf6 38. Rc4 b5 39. axb5 Rxb5 40. Nc5 Rb2+ 41. Rc2 Rb4 42. Nd7 Bg7 43. Rxc6 Ra7 44.
Rc2 Ra1 45. Rd2 Rbb1 46. Nxe7 Rg1+ 47. Kh2 Rh1+ 48. Kg2 h3+ 49.
Kg3 Rag1+ 50. Kf2 Rg2+ 0-1

[Event "SPICE Cup 2014"]
[Site "St. Louis"]
[Date "2014.10.26"]
[Round "9"]
[White "Bora, Safal"]
[Black "Corrales Jimenez, Fidel"]
[Result "0-1"]
[ECO "A37"]
[WhiteElo "2328"]
[BlackElo "2532"]
[PlyCount "124"]
[EventDate "2014.??.??"]
[EventCountry "USA"]
[TimeControl "5400+30"]
[WhiteClock "0:11:23"]
[BlackClock "0:47:35"]

1. Nf3 g6 2. c4 Bg7 3. g3 c5 4. Bg2 Nc6 5. Nc3 d6 6. O-O Bf5 7. d3 Qd7 8.
e3 Nf6 9. d4 Ne4 10. Ne2 g5 11. Nd2 Nxd2 12. Qxd2 Bh3 13. b3 h5 14. f3 Bxg2 15. Kxg2 g4 16. Bb2 h4 17. f4 Qf5 18. Kg1 O-O-O 19. d5 Bxb2 20. Qxb2 Nb4 21. gxh4 Qd3 22. Ng3 Nc2 23. Rac1 Qxe3+ 24. Kg2 Qd2+ 25. Kg1 Qd4+ 26. Qxd4 Nxd4 27. h5 e6 28. dxe6 fxe6 29. Kg2 Rdf8 30. Rce1 Kd7 31. Re4 Nf5 32. Rfe1 Nh4+ 33. Kh1 Rh6 34. f5 exf5 35. Re7+ Kc6 36. Rg7 f4 37. Ne4 Re8 38. Rxg4 Nf3 39. Rf1 Nxh2 40. Kxh2 Rxh5+ 41. Kg2 Rxe4 42. Rgxf4 Rxf4 43. Rxf4 Re5 44. Kf2 a6 45. Rf8 b5 46. Rc8+ Kb6 47. cxb5 axb5 48. Rb8+ Kc6 49. Rc8+ Kb7 50. Rh8 b4 51. Rh6 Kc6 52. Kf3 Kd7 53. Kf2 Re6 54. Rh7+ Kc6 55. Ra7 Kd5 56. a3 Kd4 57. axb4 cxb4 58. Rc7 d5 59. Rc1 Re3 60.
Rb1 Rh3 61. Rd1+ Rd3 62. Rb1 Kc3 0-1

[Event "SPICE Cup 2014"]
[Site "St. Louis"]
[Date "2014.10.26"]
[Round "9"]
[White "Le, Quang Liem"]
[Black "Leon Hoyos, Manuel"]
[Result "1-0"]
[ECO "A43"]
[WhiteElo "2706"]
[BlackElo "2512"]
[PlyCount "91"]
[EventDate "2014.??.??"]
[EventCountry "USA"]
[TimeControl "5400+30"]
[WhiteClock "0:06:41"]
[BlackClock "0:01:40"]

1. d4 g6 2. c4 Bg7 3. Nc3 c5 4. d5 Bxc3+ 5. bxc3 f5 6. h4 Nf6 7. h5 Rg8 8. hxg6 hxg6 9. Nf3 d6 10. Ng5 Qa5 11. Qc2 Nbd7 12. Bf4 Nb6 13.
e3 Bd7 14. f3 O-O-O 15. Kf2 Rh8 16. Bd3 Ba4 17. Qd2 Nbd7 18. e4 Nh5 19. Bh2 f4 20. Ne6 g5 21. Nxg5 Ne5 22. Ne6 Rdf8 23. Be2 Bd7 24. Nxf4 Nf6 25. Bg3 Rhg8 26. Bh4 Qd8 27. g3 Rf7 28. Raf1 Ne8 29. Kg1 Ng7 30.
Ng2 Nh5 31. g4 Rfg7 32. Rh2 Bxg4 33. fxg4 Nxg4 34. Bxg4+ Rxg4 35.
Qh6 Ng7 36. Rf4 Qd7 37. Kf2 Kb8 38. Ne3 Rxf4+ 39. Qxf4 e5 40. Qg4 Qf7+ 41. Ke1 Nh5 42. Qf5 Qe8 43. Qe6 Qf8 44. Be7 Qg7 45. Bxd6+ Ka8 46. Rg2 1-0